 Dungeon Crawl Stone Soup version 0.21-a0-221-gfe971b9 (webtiles) character file.

7 tidbits the Skirmisher (level 1, -1/18 HPs)
             Began as a Draconian Wanderer on Aug 27, 2017.
             Slain by an orc
             ... wielding a +0 falchion
              (3 damage)
             ... on level 2 of the Dungeon.
             The game lasted 00:01:05 (142 turns).

tidbits the Skirmisher (Draconian Wanderer)          Turns: 142, Time: 00:01:05

Health: -1/18      AC:  4    Str: 16    XL:     1   Next: 83%
Magic:  3/3        EV: 11    Int: 11    God:
Gold:   0          SH:  4    Dex:  9    Spells: 4/4 levels left

rFire    . . .     SeeInvis .   a - +2 short sword
rCold    . . .     Gourm    .   c - +0 buckler
rNeg     . . .     Faith    .   (armour unavailable)
rPois    .         Spirit   .   (helmet restricted)
rElec    .         Reflect  .   (no cloak)
rCorr    .         Harm     .   (no gloves)
MR       .....                  (no boots)
Stlth    +.........             (no amulet)
HPRegen  0.06/turn              (no ring)
MPRegen  0.08/turn              (no ring)

@: no status effects
A: unfitting armour, cold-blooded, AC +4
a: no special abilities


You were on level 2 of the Dungeon.
You were not hungry.

You visited 1 branch of the dungeon, and saw 3 of its levels.

Inventory:

Hand Weapons
 a - a +2 short sword (weapon)
Armour
 c - a +0 buckler (worn)
Scrolls
 g - a scroll of random uselessness {unknown}
Potions
 b - a potion of lignification
 e - a potion of might {unknown}
Comestibles
 d - 2 bread rations
 f - 4 fruits


   Skills:
 + Level 2.5 Fighting
 - Level 2.0 Short Blades
 - Level 1.0 Stealth
 + Level 2.3 Shields
 - Level 2.0 Spellcasting
   Level 1.0 Transmutations


You had 4 spell levels left.
You didn't know any spells.

Dungeon Overview and Level Annotations

Branches:
Dungeon (3/15)

Altars:


Innate Abilities, Weirdness & Mutations

Your plain brown scales are hard. (AC +4)
You cannot fit into any form of body armour.
You are cold-blooded and may be slowed by cold attacks.


Message History

The giant cockroach is lightly wounded.
The giant cockroach closely misses you.
You hit the giant cockroach but do no damage.
The giant cockroach is lightly wounded.
The giant cockroach bites you but does no damage.
You hit the giant cockroach.
You kill the giant cockroach!
You see here a giant cockroach corpse.
Found a fuming dark potion.
e - a fuming dark potion You open the door.
Found 4 fruits.
A goblin comes into view. It is wielding a club.
Found a bread ration.
There is an open door here.
The goblin shouts!
Found 10 gold pieces.
Found 6 gold pieces.
You see here 4 fruits.
f - 4 fruits You closely miss the goblin.
You block the goblin's attack.
You hit the goblin.
You kill the goblin!
Things that are here:
a club; a goblin corpse
Found a stone staircase leading down.
d - 2 bread rations (gained 1)
Found a short sword.
There is a stone staircase leading down here.
You climb downwards.
There is a stone staircase leading up here.
A leopard gecko comes into view.
A kobold and an orc come into view.
The kobold shouts!
Found a scroll labeled ICSUGARULU, 14 stones and 7 gold pieces.
You block the leopard gecko's attack.
You closely miss the leopard gecko. You block the leopard gecko's attack.
You puncture the leopard gecko!
You kill the leopard gecko!
You see here a leopard gecko corpse.
You hit the kobold.
The kobold is moderately wounded.
The kobold hits you with a dagger. The kobold closely misses you.
The kobold hits you but does no damage.
You see here a leopard gecko corpse.
Your shield prevents you from hitting the kobold.
The kobold is moderately wounded.
The kobold hits you with a dagger.
You barely miss the kobold.
The kobold is moderately wounded.
The kobold hits you but does no damage.
You barely miss the kobold.
The kobold is moderately wounded.
The kobold closely misses you.
You hit the kobold but do no damage.
The kobold is moderately wounded.
The kobold completely misses you.
You closely miss the kobold.
The kobold is moderately wounded.
The kobold hits you with a dagger.
You hit the kobold.
The kobold is severely wounded.
The kobold hits you but does no damage.
You hit the kobold.
You kill the kobold!
Things that are here:
a dagger; a leopard gecko corpse A kobold comes into view.
It is wielding a dagger.
You see here a scroll labeled ICSUGARULU.
g - a scroll labeled ICSUGARULU The orc shouts!
The kobold shouts!
The orc hits you but does no damage.
The kobold throws a stone.
The stone hits you but does no damage.
You see here a stone.
Things that are here:
a dagger; a leopard gecko corpse
There is a stone staircase leading up here.
The orc closely misses you.
You climb upwards.
There is a stone staircase leading down here.
You barely miss the orc. The orc hits you with a falchion.
* * * LOW HITPOINT WARNING * * *
You hit the orc but do no damage. The orc completely misses you.
You hit the orc.
The orc is lightly wounded.
The orc hits you with a falchion.
* * * LOW HITPOINT WARNING * * *
You hit the orc.
The orc is heavily wounded.
The orc closely misses you.
You barely miss the orc.
You tail-slap the orc, but do no damage.
The orc is heavily wounded.
The orc hits you with a falchion.
* * * LOW HITPOINT WARNING * * *
You hit the orc.
The orc is heavily wounded.
The orc hits you with a falchion.
You die...

#...........##.#
#.#
+$....#####.##.#
#.# #.....
#..#.# #†# #....
##.#.# #.##
##$.. #.#.# #...
#.. #...# ####
#.. ##..###
#.....####
#..@.....#
#...o.##.#
#...).##.#
########.# #.#
#.# #.# #.# #.#


You could see an orc.

Vanquished Creatures
  A leopard gecko (D:3)
  A giant cockroach (D:2)
  A goblin (D:2)
  A kobold (D:3)
  A frilled lizard (D:2)
5 creatures vanquished.

Notes
Turn   | Place    | Note
-------+----------+-------------------------------------------
     0 | D:1      | tidbits the Draconian Wanderer began the quest for the Orb.
     0 | D:1      | tidbits set off with: a +2 short sword, a potion of lignification, a +0 buckler, a bread ration
     0 | D:1      | Reached XP level 1. HP: 17/17 MP: 3/3
   142 | D:2      | Slain by an orc

Vault maps used:
D:1:      nzn_arrival_water_spiral, tso_metal_star
D:2:      xom_teletrap_fun
D:3:      nicolae_overflow_hidden_temple, zin_academy, lemuel_round_altar,
          grunt_decor_mini_mirrors

Action                   || total
-------------------------++-------
Melee: Short sword       ||    24
       Tailslap          ||     1
Armor: Skin              ||     5
Dodge: Dodged            ||     8
Block: Buckler           ||     3

Table legend:
 A = Spawn XP
 B = Non-spawn XP
 C = Spawn XP percentage of total XP
 D = Spawn monster count
 E = Non-spawn monster count
 F = Spawn count percentage of total count
 G = Total turns spent on level
                    A         B        C        D         E        F      G
               +---------+---------+-------+---------+---------+-------+---------
         Total |       0 |      10 |   0.0 |       0 |       5 |   0.0 |   142
               +---------+---------+-------+---------+---------+-------+---------
           D:2 |       0 |       5 |   0.0 |       0 |       3 |   0.0 |    98
           D:3 |       0 |       5 |   0.0 |       0 |       2 |   0.0 |    41
               +---------+---------+-------+---------+---------+-------+---------

Table legend:
 A = Turns spent in this place as a percentage of turns spent in the entire game.
 B = Non-inter-level travel turns spent in this place as a percentage of non-inter-level travel turns spent in the entire game.
 C = Inter-level travel turns spent in this place as a percentage of turns spent in this place.
 D = Turns resting spent in this place as a percentage of non-inter-level travel turns spent in this place.
 E = Turns spent auto-exploring this place as a percentage of non-inter-level travel turns spent in this place.
 F = Non-inter-level travel turns spent in this place divided by the number of levels of this place that you've seen.
                   A       B       C       D       E      F
               +-------+-------+-------+-------+-------+----------------------
         Total | 100.0 | 100.0 |   0.0 |   0.0 |   0.0 |  47.3
       Dungeon | 100.0 | 100.0 |   0.0 |   0.0 |   0.0 |  47.3
               +-------+-------+-------+-------+-------+----------------------

Table legend:
 A = Kills in this place as a percentage of kills in entire the game.
 B = Kills by you in this place as a percentage of kills by you in the entire game.
 C = Kills by friends in this place as a percentage of kills by friends in the entire game.
 D = Other kills in this place as a percentage of other kills in the entire game.
 E = Experience gained in this place as a percentage of experience gained in the entire game.
 F = Experience gained in this place divided by the number of levels of this place that you have seen.
                   A       B       C       D       E      F
               +-------+-------+-------+-------+-------+----------------------
         Total | 100.0 | 100.0 |   N/A |   N/A | 100.0 |   3.3
       Dungeon | 100.0 | 100.0 |   N/A |   N/A | 100.0 |   3.3
               +-------+-------+-------+-------+-------+----------------------

Vault maps used:
D:1:      nzn_arrival_water_spiral, tso_metal_star
D:2:      xom_teletrap_fun
D:3:      nicolae_overflow_hidden_temple, zin_academy, lemuel_round_altar,
          grunt_decor_mini_mirrors
